 Dungeon Crawl Stone Soup version 0.30-a0-782-ge64f9170bb (webtiles) character file.

Game seed: 11602606037462042589

99 sanka the Shooter (level 4, -3/38 HPs)
             Began as a Demigod Hunter on Feb 23, 2023.
             Succumbed to Terence's poison
             ... on level 3 of the Dungeon.
             The game lasted 00:01:37 (1778 turns).

sanka the Shooter (Demigod Hunter)                  Turns: 1778, Time: 00:01:38

Health: -3/38      AC:  5    Str: 12    XL:     4   Next: 22%
Magic:  6/6        EV: 12    Int: 11    God:
Gold:   114        SH:  0    Dex: 21    Spells: 3/3 levels left

rFire   . . .      SeeInvis .    a - +0 shortbow
rCold   . . .      Faith    .    (shield currently unavailable)
rNeg    . . .      Spirit   .    c - +0 leather armour
rPois   .          Reflect  .    (no helmet)
rElec   .          Harm     .    k - +0 cloak
rCorr   .          Rampage  .    (no gloves)
Will    .....                    d - +0 pair of boots
Stlth   ++                       (no amulet)
HPRegen 0.26/turn                (no ring)
MPRegen 0.10/turn                (no ring)

@: lethally poisoned (-3 -> -26)
A: high MP 1, forlorn, divine attributes
a: no special abilities


You were on level 3 of the Dungeon.
You visited 1 branch of the dungeon, and saw 3 of its levels.

You collected 114 gold pieces.


Innate Abilities, Weirdness & Mutations

You have an increased reservoir of magic. (+10% MP)
You shall have no god before yourself.
Your divine heritage dramatically boosts your attributes as you level up.


   Skills:
 + Level 3.2 Fighting
 + Level 4.6 Ranged Weapons
 - Level 1.7 Dodging
 - Level 0.8 Stealth


You had 3 spell levels left.
You didn't know any spells.
Your spell library contained the following spells:

 Spells                   Type           Power      Damage    Failure   Level
 Cigotuvi's Dreadful Rot  Necr/Pois/Air  0%         N/A       56%         2
 Dispel Undead            Necr           0%         3d6       99%         4
 Death Channel            Necr           0%         N/A       100%        6

Inventory:

Hand Weapons
 a - a +0 shortbow (weapon)
Armour
 c - a +0 leather armour (worn)
 d - a +0 pair of boots (worn)
 k - a +0 cloak (worn)
Scrolls
 b - a scroll of immolation {!r}
 e - a scroll of noise {unknown}
 f - 2 scrolls of teleportation {unknown}
 g - a scroll of amnesia {unknown}
 h - 4 scrolls of identify {unknown}
 i - a scroll of silence {unknown}
 j - 3 scrolls of fog {unknown}
 l - 2 scrolls of fear {unknown}

Dungeon Overview and Level Annotations

Branches:
Dungeon (3/15)

Annotations:
D:2 1 runed translucent door, Crazy Yiuf
D:3 Grinder

▒▒▒▒▒▒▒▒▒▒
▒....▒...▒
▒.▒▒.▒.▒.▒
▒.▒▒...▒.▒
▒......▒.▒
▒▒▒▒▒▒.▒.▒ ▒p▒.▒
▒)▒.▒ ..▒.▒ ▒
.▒▒▒.▒▒▒▒▒▒▒▒▒ ▒
▒£▒...▒.......▒ ▒
. ▒.▒▒▒.......▒ ▒
..
▒.▒.........▒▒▒▒▒▒
▒▒
▒.▒.▒▒▒+▒...▒....▒
▒...▒ ▒.▒.▒.▒.▒▒


There were no monsters in sight!


Message History

Terence is lightly wounded.
You feel very sick. Terence hits you but does no damage.
You are more poisoned.
You shoot an arrow. The arrow hits Terence!
Terence is heavily wounded.
You feel very sick. Terence completely misses you.
Unknown command.
You shoot an arrow. The arrow hits Terence.
Terence is heavily wounded.
You feel very sick.
Terence hits you with a +2 mace of venom!
* * * LOW HITPOINT WARNING * * *
You are lethally poisoned!
You shoot an arrow. The arrow hits Terence.
Terence is almost dead.
* * * LOW HITPOINT WARNING * * *
You feel very sick.
Terence hits you with a +2 mace of venom!
* * * LOW HITPOINT WARNING * * *
You are more poisoned.
Terence closely misses you.
You shoot an arrow. The arrow hits Terence!
You kill Terence!
You die...

Action                     |  1- 3 |  4- 6 || total
---------------------------+-------+-------++-------
   Fire: Shortbow          |    94 |    11 ||   105
 Armour: Leather armour    |    11 |     1 ||    12
  Dodge: Dodged            |    30 |     3 ||    33

Levels and vault maps discovered:
D:1:      grunt_arrival_crossed_arrows, layout_rooms, minmay_misc_feat_tiny
D:2:      layout_loops_corners, hangedman_abyss_or_decor_lesser_grid,
          kennysheep_decorative_pillar, uniq_crazy_yiuf_cottage
D:3:      layout_basic, uniq_grinder, uniq_terence

Notes
Turn   | Place    | Note
-------+----------+-------------------------------------------
     0 | D:1      | sanka the Demigod Hunter began the quest for the Orb.
     0 | D:1      | Reached XP level 1. HP: 17/17 MP: 3/3
   102 | D:1      | Reached skill level 2 in Fighting
   271 | D:1      | Reached XP level 2. HP: 24/24 MP: 4/4
   534 | D:2      | Reached skill level 4 in Ranged Weapons
   659 | D:2      | Reached XP level 3. HP: 5/30 MP: 5/5
   661 | D:2      | HP: 3/30 [poisoned by an adder]
  1284 | D:2      | Found a runed translucent door.
  1285 | D:2      | Noticed Crazy Yiuf
  1423 | D:2      | Reached skill level 3 in Fighting
  1532 | D:3      | Noticed Grinder
  1638 | D:3      | Reached XP level 4. HP: 18/38 MP: 6/6
  1768 | D:3      | Noticed Terence
  1777 | D:3      | HP: 3/38 [Terence/+2 mace of venom (9)]
  1778 | D:3      | Killed Terence
  1778 | D:3      | Succumbed to Terence's poison

Vanquished Creatures
  An iguana (D:3)
  Terence (D:3)
  4 adders
  2 worms (D:2)
  3 ball pythons
  5 bats
  2 endoplasms
  A giant cockroach (D:2)
  A goblin (D:1)
  4 hobgoblins
  4 kobolds
  A quokka (D:1)
  A frilled lizard (D:2)
  4 rats
34 creatures vanquished.
